[Event "Early-Titled-Tuesday-Blitz-January-23-2024"]
[Site "Chess.com"]
[Date "2024.01.23"]
[Round "8"]
[White "TitarovVasiliYouTube"]
[Black "Ducke13"]
[Result "1-0"]
[WhiteElo "2535"]
[BlackElo "2295"]
[TimeControl "180+1"]
[EndTime "9:29:13 PST"]
[Termination "TitarovVasiliYouTube won by resignation"]

1. e4 c5 2. Nf3 d6 3. Be2 Nf6 4. Nc3 a6 5. O-O e5 6. a4 b6 7. Bc4 Be7 8. d3 O-O 9. Bg5 Nbd7 10.
Re1 Ra7 11. Nd2 h6 12. Bh4 Nh7 13. Bxe7 Qxe7 14. Nd5 Qd8 15. Nf1 Kh8 16. Nfe3 g6 17. c3 Kg7 18. b4 f5 19. exf5 gxf5 20. Qh5 Qg5 21. Qxg5+ hxg5 22. Ne7 f4 23. N3f5+ Kf6 24. Nxc8 Rxc8 25. Nxd6 Rh8 26. Ne4+ Kf5 27. bxc5 bxc5 28. Rab1 Nhf6 29. a5 g4 30. Nd6+ Kg6 31. Be6 Nf8 32.
Bf5+ Kg5 33. Be4 f3 34. gxf3 gxf3 35. Bxf3 Kf4 36. Bg2 Rg7 37. Re3 Ng4 38. Rf3+ Kg5 39. h3 Nf6 40. Re1 Ng6 41. Rg3+ Kh6 42. Nf5+ Kh7 43.
Nxg7 Kxg7 44. Rxe5 Kf7 45. Rxc5 Re8 46. Bd5+ Nxd5 47. Rxd5 Re1+ 48. Kh2 Nf4 49. Rf5+ Ke6 50. Rxf4 Re2 51. Re4+ Rxe4 52. dxe4 Ke5 53. Kg2 Kxe4 54.
Re3+ Kf5 55. Rg3 Kf6 56. h4 Kf5 57. h5 Ke5 58. h6 Kd5 59. h7 Kc5 60. h8=N Kc4 61.
Rg6 Kb3 62. Rxa6 Ka4 63. Rb6 Kxa5 64. Rb4 Ka6 65. f4 Ka5 66. f5 Ka6 67. f6 Ka5 68.
Kg3 Ka6 69. Kf3 Ka5 70. Kg4 Ka6 71. Kg5 Ka5 72. Kg6 Ka6 1-0

[Event "Early-Titled-Tuesday-Blitz-January-23-2024"]
[Site "Chess.com"]
[Date "2024.01.23"]
[Round "8"]
[White "RandomNoob04"]
[Black "GoValya"]
[Result "1-0"]
[WhiteElo "2578"]
[BlackElo "2323"]
[TimeControl "180+1"]
[EndTime "9:29:15 PST"]
[Termination "RandomNoob04 won by resignation"]

1. e4 e6 2. d4 d5 3. Nd2 c5 4.
exd5 exd5 5. Ngf3 Nf6 6. Bb5+ Nc6 7. O-O Be7 8. dxc5 O-O 9. Nb3 a6 10. Bd3 h6 11. h3 Be6 12. c3 Rc8 13. Be3 a5 14. a4 Ne4 15. Qc2 f5 16. Nfd4 Nxd4 17.
Nxd4 Bd7 18. b4 f4 19. Qb3 Kh8 20. Bc1 axb4 21. cxb4 Bf6 22. Qxd5 Bc6 23. Qxd8 Rfxd8 24. Bxe4 Bxe4 25. Nb3 Bxa1 26. Nxa1 Rd4 27. Bxf4 Rxb4 28.
Be3 Rb1 29. Rxb1 Bxb1 30. Kf1 Bd3+ 31. Ke1 Bc4 32. Kd2 Bd5 33. f3 Kg8 34. Kc3 b6 35.
Kb4 bxc5+ 36. Bxc5 Kf7 37. a5 Ra8 38. Nc2 Rb8+ 39.
Bb6 Ke6 40. Ne3 Bc6 41. Nc4 Kd5 42. a6 Ra8 43. a7 Bb7 44. Be3 Bc6 45. Nb6+ Kd6 46.
Nxa8 Bxa8 47. Bd4 g6 48. Bg7 h5 49. Kc3 Ke6 50. Kd2 Kf5 51. Ke3 g5 52. g4+ hxg4 53. hxg4+ Kg6 54. Bd4 Bb7 55. Bb6 Ba8 56. Bd8 Bb7 57.
f4 gxf4+ 58. Kxf4 Ba8 59. g5 Bb7 60. Ke5 Ba8 61. Kd6 Kf7 62. Kc7 Be4 63. Kb8 Ke8 64.
Bf6 Kf7 65. a8=Q Bxa8 66. Kxa8 Kg6 67. Kb7 Kf7 68. Kc6 Kg6 69. Kd6 Kf7 70. Kd7 Kg6 71. Ke6 Kh7 72. Kf5 Kg8 73. g6 Kf8 74.
Kg5 Kg8 75. Kh6 Kf8 76. Kh7 1-0

[Event "Early-Titled-Tuesday-Blitz-January-23-2024"]
[Site "Chess.com"]
[Date "2024.01.23"]
[Round "8"]
[White "I_am_Javi"]
[Black "FairChess_on_YouTube"]
[Result "1-0"]
[WhiteElo "2802"]
[BlackElo "3078"]
[TimeControl "180+1"]
[EndTime "9:29:16 PST"]
[Termination "I_am_Javi won on time"]

1. e4 c5 2. Nf3 e6 3. d4 cxd4 4.
Nxd4 Nc6 5. Nxc6 bxc6 6. Bd3 Nf6 7. O-O d5 8. e5 Nd7 9. Re1 Qc7 10. Bf4 Rb8 11. b3 Nc5 12. Nd2 Rb4 13. Bg3 Be7 14. Bf1 O-O 15. c3 Rb7 16. b4 Nd7 17. Bd3 a5 18. a3 Ra7 19. Qh5 g6 20. Qh6 Ba6 21. Bc2 Rfa8 22. Rac1 axb4 23. axb4 Bb5 24. h4 Qd8 25. Nf3 Qf8 26. Qf4 Ra3 27. Bb1 c5 28.
h5 Qg7 29. Bh4 Bf8 30. Bg5 h6 31. hxg6 hxg5 32. Nxg5 fxg6 33. Nxe6 Qh6 34. Qg4 Nxe5 35.
Qg3 Bd6 36. f4 Nd7 37. Bxg6 Kh8 38. Ng5 Qxg6 39. Re6 Qh5 40. Rxd6 Ra1 41. Nf7+ Kh7 42. Ng5+ Kh8 43. Nf7+ Qxf7 44. Rh6+ Qh7 45. Rxh7+ Kxh7 46. Qh4+ Kg7 47. Qg5+ Kf7 48. Qxd5+ Ke7 49. Rxa1 Rxa1+ 50. Kh2 Ra6 51. bxc5 Re6 52. Qg5+ Rf6 53. g4 Bc6 54. f5 Ne5 55. Qg7+ Nf7 56. g5 Rxf5 57. g6 Rf2+ 58. Kg3 Rf3+ 59. Kh2 Rf2+ 60. Kg1 Rf5 61. gxf7 Rxf7 62. Qe5+ Kd8 63. Qb8+ Kd7 64. Qd6+ Ke8 65.
Qxc6+ 1-0

[Event "Early-Titled-Tuesday-Blitz-January-23-2024"]
[Site "Chess.com"]
[Date "2024.01.23"]
[Round "8"]
[White "sonicdravise"]
[Black "tusplingher"]
[Result "0-1"]
[WhiteElo "2621"]
[BlackElo "2503"]
[TimeControl "180+1"]
[EndTime "9:29:17 PST"]
[Termination "tusplingher won by checkmate"]

1. d4 Nf6 2. c4 c5 3. d5 b5 4. cxb5 a6 5. bxa6 g6 6. Nc3 Bg7 7. a7 Rxa7 8. e4 d6 9. Nf3 O-O 10. Be2 Ba6 11. O-O Bxe2 12. Qxe2 Qa5 13. Bd2 Qa6 14.
Qd1 Nbd7 15. Rb1 Rb8 16. b3 Qd3 17. Re1 Ng4 18. Rc1 Nde5 19. Nxe5 Bxe5 20. Qxg4 Qxd2 21. Qf3 Bxc3 22. Qxc3 Rxa2 23. Qxd2 Rxd2 24. Rc3 Rb2 25.
g3 R8xb3 26. Rxb3 Rxb3 27. Ra1 Kg7 28. Kf1 Rb2 29. Ra7 Kf6 30. Rc7 g5 31. h3 h5 32.
Kg2 g4 33. hxg4 hxg4 34. Kf1 Rb4 35. f3 gxf3 36. Kf2 Rxe4 37. Kxf3 Rd4 38. Ra7 Rxd5 39.
Ke4 Rd4+ 40. Ke3 Rb4 41. Ra1 Ke5 42. Rf1 Rb3+ 43. Kf2 d5 44. Re1+ Kd6 45. Kg2 c4 46. Rf1 f6 47. Rd1 e5 48. Kh3 d4 49. Kg4 c3 50. Kf5 c2 51. Rc1 d3 52. Kxf6 Rc3 53.
g4 d2 54. Ra1 d1=Q 55. Ra6+ Kd5 56. g5 c1=Q 57. Ra5+ Rc5 58. g6 Qf4+ 59. Kg7 Rxa5 60. Kh8 Qh6+ 61. Kg8 Qg7+ 62. Kxg7 Ra7+ 63. Kh8 Rg7 64.
Kxg7 Qg4 65. Kf7 Qxg6+ 66. Kxg6 e4 67. Kf5 e3 68. Kf4 e2 69. Kg3 e1=Q+ 70. Kf3 Kd4 71. Kf4 Qe5+ 72. Kf3 Qe4+ 73. Kf2 Qe3+ 74. Kg2 Ke4 75.
Kh2 Qf3 76. Kg1 Qe2 77. Kh1 Kf3 78. Kg1 Qg2# 0-1

[Event "Early-Titled-Tuesday-Blitz-January-23-2024"]
[Site "Chess.com"]
[Date "2024.01.23"]
[Round "8"]
[White "GMJustin"]
[Black "ChessBliss09"]
[Result "1-0"]
[WhiteElo "2338"]
[BlackElo "2124"]
[TimeControl "180+1"]
[EndTime "9:29:17 PST"]
[Termination "GMJustin won by checkmate"]

1. e4 e6 2. d4 d5 3. Nc3 dxe4 4.
Nxe4 Nd7 5. Be3 Ngf6 6. Nxf6+ Nxf6 7. Nf3 Bd6 8. Bd3 O-O 9. Qe2 c5 10. dxc5 Qa5+ 11. c3 Bxc5 12. b4 Bxb4 13. cxb4 Qxb4+ 14. Bd2 Qd6 15. O-O Rd8 16. Ne5 b6 17. Rfd1 Bb7 18.
Bg5 Qb4 19. Bxf6 gxf6 20. Qg4+ Qxg4 21. Nxg4 f5 22. Ne3 Rd7 23. Bb5 Rc7 24. Rac1 Rac8 25. Rd8+ Rxd8 26. Rxc7 f4 27. Rxb7 fxe3 28. fxe3 Rd1+ 29.
Bf1 a5 30. Rxb6 Rd2 31. a4 Ra2 32. Bb5 Kg7 33. Ra6 Kf6 34. Rxa5 e5 35. Ra6+ Kf5 36. a5 Ke4 37. Ra7 f5 38. a6 Kxe3 39. Re7 e4 40. a7 Ra1+ 41. Bf1 f4 42. h4 f3 43. gxf3 Kxf3 44. Kh2 Ra2+ 45. Kh3 Ra1 46. Bg2+ Kf4 47. Bxe4 Ra3+ 48. Kh2 Ra2+ 49. Bg2 Kg4 50. a8=Q Rxa8 51. Bxa8 Kxh4 52. Rxh7+ Kg4 53. Rf7 Kg5 54. Kg3 Kg6 55.
Bd5 Kg5 56. Be4 Kh5 57. Rg7 Kh6 58. Rg8 Kh5 59. Bf5 Kh6 60. Kf4 Kh5 61. Rh8# 1-0

[Event "Early-Titled-Tuesday-Blitz-January-23-2024"]
[Site "Chess.com"]
[Date "2024.01.23"]
[Round "8"]
[White "Bigfish1995"]
[Black "rasmussvane"]
[Result "1-0"]
[WhiteElo "3127"]
[BlackElo "3000"]
[TimeControl "180+1"]
[EndTime "9:29:20 PST"]
[Termination "Bigfish1995 won by resignation"]

1. e4 e5 2. Nf3 Nc6 3. Bb5 a6 4. Ba4 Nf6 5. O-O Be7 6. Bxc6 dxc6 7. Re1 Nd7 8. d4 exd4 9. Qxd4 O-O 10. Bf4 Nc5 11. Qe3 Ne6 12. Bg3 Bc5 13. Qe2 Re8 14. Nc3 f6 15. Rad1 Qe7 16. a4 Bd7 17. Qc4 Bb6 18.
Nd4 Rad8 19. Nb3 a5 20. Nc1 Qb4 21. Qa2 Qf8 22. Nd3 Qf7 23. Qa3 Qf8 24. Qxf8+ Kxf8 25.
Ne2 Ng5 26. Nc3 Bg4 27. Rc1 Rd7 28. Kf1 Be6 29. h4 Nf7 30. Rcd1 Red8 31. Kg1 Bc4 32. Nc1 Rd2 33. Rxd2 Rxd2 34. Nb1 Rd7 35. b3 Be6 36. Kf1 Bc5 37. f3 Bb4 38. c3 Bc5 39.
Bf2 Be7 40. c4 Ne5 41. Ke2 b6 42. Rd1 Rxd1 43. Kxd1 f5 44. exf5 Bxf5 45. Nc3 Bb4 46.
N3e2 Nd3 47. Nxd3 Bxd3 48. Nd4 Bf1 49. g3 c5 50. Ne6+ Ke7 51. Nxc7 Kd7 52. Nd5 Kc6 53. Ne3 Bd3 54. Be1 Ba3 55. Bc3 g6 56. g4 h5 57. Kd2 Bb1 58. Nc2 Bb4 59.
Bxb4 axb4 60. Ne3 Kd6 61. gxh5 gxh5 62. Nd5 Kc6 63. Nf4 Bf5 64. Nxh5 Kd6 65. Nf4 Ke5 66. Nd5 Bb1 67. Nxb6 Kd6 68. a5 Kc6 69. h5 Bh7 70. h6 Bf5 71. Nd5 Kb7 72. Nf6 Bg6 73.
h7 Bf7 74. h8=Q 1-0

[Event "Early-Titled-Tuesday-Blitz-January-23-2024"]
[Site "Chess.com"]
[Date "2024.01.23"]
[Round "8"]
[White "vugarrasulov"]
[Black "LyonBeast"]
[Result "0-1"]
[WhiteElo "2929"]
[BlackElo "3157"]
[TimeControl "180+1"]
[EndTime "9:29:22 PST"]
[Termination "LyonBeast won on time"]

1. e4 c5 2. Nf3 e6 3. d4 cxd4 4. Nxd4 Nf6 5. Nc3 Nc6 6. a3 Be7 7. Nxc6 bxc6 8. e5 Nd5 9. Ne4 Qc7 10. f4 Qb6 11. c4 Ne3 12. Qd3 Nxf1 13. Rxf1 c5 14.
Rf2 Bb7 15. Be3 O-O 16. Rd1 Rac8 17. Nd6 Bxd6 18. Qxd6 Qa5+ 19. Qd2 Qa6 20. Qc3 Rfd8 21. Rd6 Bc6 22. f5 exf5 23. Rxf5 Re8 24. Rg5 Re6 25. Rxe6 dxe6 26. Bxc5 h6 27. Rg3 Be4 28. b4 Qb7 29.
Qd4 a6 30. Kf2 Bg6 31. Re3 Kh7 32. Bd6 Qc6 33. c5 a5 34. h4 axb4 35. axb4 Ra8 36. Qd2 h5 37. Kg3 Ra1 38. Kh2 Qa4 39. Rg3 Rb1 40. Rc3 Qa1 41. c6 Rh1+ 42. Kg3 Rd1 43. Qe3 Re1 44. Qf2 Qxc3+ 45. Kh2 Re3 46. c7 Re4 47. b5 Rc4 48. b6 Qb3 49. Bc5 Rc2 50. c8=Q Rxf2 51. Bxf2 Be4 52. Qc5 Bd5 53. Qe3 Qc2 54.
Qf4 Qg6 55. Qg5 Qxg5 56. hxg5 Kg6 57. Be3 Kf5 58. Bd2 g6 59. Kg3 Kxe5 60. Kf2 Kf5 61.
g3 e5 62. Be3 f6 63. gxf6 Kxf6 64. Ke2 Kf5 65. Kd3 Kg4 66. Bf2 Kf3 67. Be1 g5 68.
Kc3 Ke2 69. Bd2 h4 70. gxh4 gxh4 0-1

[Event "Early-Titled-Tuesday-Blitz-January-23-2024"]
[Site "Chess.com"]
[Date "2024.01.23"]
[Round "8"]
[White "toninhojit"]
[Black "Let_it_be_1"]
[Result "1/2-1/2"]
[WhiteElo "2458"]
[BlackElo "2579"]
[TimeControl "180+1"]
[EndTime "9:29:22 PST"]
[Termination "Game drawn - insufficient material"]

1. e4 e6 2. Nc3 d5 3. d4 Nf6 4. exd5 exd5 5. Bd3 c5 6. Nf3 Nc6 7. dxc5 Bxc5 8. O-O O-O 9. h3 h6 10. Bf4 Re8 11.
a3 Ne4 12. Bxe4 dxe4 13. Qxd8 Nxd8 14. Ne5 Bd6 15. Nd3 exd3 16. Bxd6 dxc2 17. Nd5 Ne6 18. Rac1 Rd8 19. Ne7+ Kh7 20. Rxc2 Rxd6 21. Rxc8 Rxc8 22.
Nxc8 Rd2 23. Nxa7 Rxb2 24. Rd1 Kg6 25. Nc8 Kf6 26. a4 Nc5 27. a5 Ra2 28. Rb1 Rxa5 29. Nd6 Ra7 30. Rb5 Ke6 31. Nxf7 Kxf7 32. Rxc5 b6 33.
Rb5 Rb7 34. Kf1 Ke6 35. Ke2 Kd6 36. Kd3 Kc6 37. Rf5 Kd6 38. Kc4 Ke6 39. Rf3 Rd7 40. Kb5 Rd6 41. Rc3 Ke5 42. Rc7 g5 43. Re7+ Kd4 44.
Re8 Kd3 45. Re7 Rf6 46. f3 Kd4 47. Re4+ Kd3 48. Re8 Rd6 49. Re5 Kd4 50. Re4+ Kd5 51. h4 gxh4 52. Rxh4 Ke5 53. g3 Kf5 54. Rf4+ Kg6 55.
Rg4+ Kf5 56. Rf4+ Kg5 57. Rg4+ Kf5 58. Rh4 Kg5 59. Rc4 Rd3 60. Rg4+ Kf5 61. Rf4+ Kg5 62. Kxb6 Rc3 63. Kb5 Rc1 64. Rg4+ Kf5 65. Rh4 Kg5 66.
f4+ Kg6 67. Rg4+ Kf5 68. Rh4 Kg6 69. g4 Rf1 70. f5+ Kg5 71. Rh5+ Kxg4 72. Rxh6 Rxf5+ 73.
Kc6 Kg5 74. Rd6 Rf6 75. Rxf6 Kxf6 1/2-1/2

[Event "Early-Titled-Tuesday-Blitz-January-23-2024"]
[Site "Chess.com"]
[Date "2024.01.23"]
[Round "8"]
[White "MightyGMpretender"]
[Black "FARIZA2018"]
[Result "1-0"]
[WhiteElo "2742"]
[BlackElo "2544"]
[TimeControl "180+1"]
[EndTime "9:29:23 PST"]
[Termination "MightyGMpretender won on time"]

1. Nf3 Nf6 2. d4 d5 3. c3 c5 4. dxc5 Nc6 5. Bf4 e6 6. e3 Bxc5 7. Bd3 O-O 8. Nbd2 Bd6 9. Bg5 e5 10. e4 h6 11. Bxf6 Qxf6 12. exd5 Nb8 13. Ne4 Qe7 14.
O-O Bg4 15. h3 Bh5 16. Ng3 Bg6 17. Bxg6 fxg6 18. Nd2 Nd7 19. Nde4 Rad8 20. c4 b6 21. Qg4 Kh7 22. Rad1 Nc5 23. Nxc5 Bxc5 24. Ne4 Bd4 25. Qe2 Qh4 26. Kh2 Rf5 27. g3 Qe7 28. f3 Rdf8 29. Kg2 Qd7 30. b3 g5 31. Qd3 Kg8 32. b4 b5 33. d6 bxc4 34. Qxc4+ Kh8 35. Rc1 R5f7 36. b5 Qf5 37. Qd5 h5 38. Rcd1 Qg6 39. g4 h4 40.
Rc1 Rd7 41. Rc7 Rfd8 42. Rxd7 Rxd7 43. Rc1 Be3 44. Rc8+ Kh7 45. Qg8+ Kh6 46. Qh8+ Qh7 47. Qxh7+ Kxh7 48. Rc7 Rd8 49. d7 Kg6 50. Nd6 Bb6 51. Rb7 Kf6 52. Nc8 Be3 53. Nxa7 Ke6 54. Nc6 Rxd7 55.
Rxd7 Kxd7 56. a4 Kd6 57. a5 Bd2 58. a6 Kc7 59. Nxe5 Bf4 60. Nc4 Kb8 61. b6 1-0

[Event "Early-Titled-Tuesday-Blitz-January-23-2024"]
[Site "Chess.com"]
[Date "2024.01.23"]
[Round "8"]
[White "Mihajlovskij"]
[Black "esrosenberg"]
[Result "0-1"]
[WhiteElo "2229"]
[BlackElo "2353"]
[TimeControl "180+1"]
[EndTime "9:29:24 PST"]
[Termination "esrosenberg won on time"]

1. e4 g6 2. d4 Bg7 3. Nc3 d5 4. exd5 Nf6 5. Bc4 c6 6. dxc6 Nxc6 7. Nge2 O-O 8. O-O Na5 9. Bb3 b6 10. Ng3 Bb7 11. Be3 a6 12. Qe2 b5 13. f3 Rc8 14. Nce4 Nxb3 15. axb3 Nd5 16. Bf2 Nf4 17. Qd2 Ne6 18. Rfd1 h5 19. c3 h4 20. Ne2 h3 21. d5 Nc7 22. c4 hxg2 23. Nc5 Ba8 24. Bd4 Qd6 25. Ne4 Qd7 26. Bxg7 Kxg7 27. Qd4+ Kg8 28.
Nc5 Qh3 29. Rd3 Ne8 30. Nd7 Qxd7 31. f4 Nf6 32. Rxa6 bxc4 33. bxc4 Kg7 34. Ra7 Rc7 35.
Rda3 Rxa7 36. Rxa7 Qd6 37. Nc3 Rh8 38. c5 Qb8 39. Ra2 Qb3 40. c6 Rd8 41. Kxg2 Bxc6 42. Ra7 Bxd5+ 43. Kg3 Rd6 44. Rxe7 Qb6 45. Qe5 Re6 46. Rxe6 Qxe6 47. Qd4 Be4 48. Kf2 Bf5 49. h4 Kg8 50. Kf3 Bg4+ 51. Kg3 Nh5+ 52. Kf2 Qf5 53. Qd8+ Kg7 54. Qd2 Bh3 55. Qd4+ Kg8 56. Ke3 Qg4 57. Qd8+ Kg7 58. Qd4+ Nf6 59. Nd5 Qe6+ 60. Qe5 Qxd5 61. Qxd5 Nxd5+ 62. Kd4 Nxf4 63. b4 Bg2 0-1

[Event "Early-Titled-Tuesday-Blitz-January-23-2024"]
[Site "Chess.com"]
[Date "2024.01.23"]
[Round "8"]
[White "BogdanDeac"]
[Black "ilqar_74"]
[Result "0-1"]
[WhiteElo "3063"]
[BlackElo "2907"]
[TimeControl "180+1"]
[EndTime "9:29:26 PST"]
[Termination "ilqar_74 won on time"]

1. d4 Nf6 2. Bf4 d5 3. e3 e6 4. Nf3 Bd6 5. Bg3 O-O 6. c4 Ne4 7. Bd3 f5 8. Nc3 c6 9. Qb3 Kh8 10. Bxd6 Qxd6 11. Rc1 Nd7 12. O-O Rb8 13. Qc2 a6 14.
Ne2 Ndf6 15. Ne5 Nd7 16. f4 Nxe5 17. fxe5 Qe7 18. cxd5 exd5 19. Bxe4 dxe4 20. Qc5 Qxc5 21. Rxc5 Be6 22. a3 g6 23. b4 Kg7 24. a4 Rfc8 25. Rfc1 Bd7 26. Nf4 Kf8 27. e6 Be8 28. h4 Ke7 29.
Re5 b6 30. Kf2 Rd8 31. a5 Rdc8 32. Kg3 Rd8 33. Kh3 h5 34. Kg3 Rdc8 35. axb6 Rxb6 36. Ra5 Ra8 37. Rca1 Kd6 38. Kf2 Rxb4 39. Rxa6 Rb2+ 40.
Ke1 Rxa6 41. Rxa6 Rb3 42. Kd2 Rb2+ 43. Ke1 Rb3 44. Ra8 Ke7 45. Kd2 Rb2+ 46. Kc3 Rb1 47. Ra7+ Kd6 48. Rg7 Re1 49. Kd2 Ra1 50. Rg8 Ke7 51.
Rh8 Ra2+ 52. Kc1 Ra3 53. Kd2 Ra2+ 54. Kc1 Ra3 55. d5 cxd5 56. Nxd5+ Kxe6 57. Nc7+ Kf7 58. Nxe8 Rxe3 59. Nd6+ Ke6 60. Nc4 Rc3+ 61. Kd2 Rxc4 62.
Ra8 Rd4+ 63. Ke2 Rd3 64. Ra6+ Kf7 65. Ra7+ Kg8 66. Ra6 Kg7 67. Ra7+ Kh6 68. Kf2 Rd4 69. g3 Rd3 0-1

[Event "Early-Titled-Tuesday-Blitz-January-23-2024"]
[Site "Chess.com"]
[Date "2024.01.23"]
[Round "8"]
[White "M1711"]
[Black "jcibarra"]
[Result "0-1"]
[WhiteElo "2653"]
[BlackElo "2841"]
[TimeControl "180+1"]
[EndTime "9:29:29 PST"]
[Termination "jcibarra won by checkmate"]

1. e4 c5 2. Nf3 e6 3. d4 cxd4 4. Bg5 Qb6 5. Qxd4 Qxd4 6. Nxd4 a6 7.
Nd2 f6 8. Be3 Nc6 9. Nc4 b5 10.
Nb6 Rb8 11. Nxc8 Rxc8 12. Nxc6 Rxc6 13. O-O-O Bc5 14. Bxc5 Rxc5 15. b4 Rc6 16. Kb2 Ne7 17. Bd3 Nc8 18. a4 Nd6 19. axb5 axb5 20. f3 Ke7 21. Kb3 Rhc8 22. Ra1 Nc4 23. Rhd1 Ne5 24. Rd2 Rd6 25. Rad1 Rb6 26. Bf1 Rc7 27. f4 Nf7 28.
Ra1 Nd6 29. Bd3 e5 30. g3 Rbc6 31. Ra5 Rb6 32. Ra8 Nc4 33. Bxc4 Rxc4 34. Ra7 Rd6 35.
Rxd6 Kxd6 36. fxe5+ fxe5 37. Ra6+ Kc7 38. Ra7+ Kc6 39.
c3 Rxe4 40. Ra8 Re2 41. Rg8 g6 42. h4 Rg2 43. Rg7 Rxg3 44. Rxh7 d5 45. Kc2 d4 46. cxd4 exd4 47. Rg7 Kd5 48. h5 Kc4 49. Rxg6 Rh3 50. h6 Rh2+ 51. Kd1 Kxb4 52. Rg4 Kc3 53. Rg6 b4 54.
Rc6+ Kd3 55. Kc1 b3 56. Rb6 Kc3 57. Rc6+ Kd3 58. Rb6 b2+ 59. Kb1 Kc3 60. Rc6+ Kd3 61. Rb6 Ke3 62. Rxb2 Rh1+ 63. Kc2 d3+ 64. Kc3 Rc1+ 65.
Kb4 d2 66. h7 Rh1 67. Rb3+ Ke2 68. Rb1 Rxb1+ 69. Kc3 Rh1 70. Kd4 Rxh7 71. Kc3 d1=Q 72. Kb2 Qd2+ 73. Kb1 Rb7+ 74. Ka1 Qb2# 0-1

[Event "Early-Titled-Tuesday-Blitz-January-23-2024"]
[Site "Chess.com"]
[Date "2024.01.23"]
[Round "8"]
[White "DenLaz"]
[Black "ViIIagra"]
[Result "1-0"]
[WhiteElo "3093"]
[BlackElo "2969"]
[TimeControl "180+1"]
[EndTime "9:29:34 PST"]
[Termination "DenLaz won by resignation"]

1. d4 d6 2. Nf3 Nf6 3. c4 g6 4. g3 Bf5 5. Bg2 Bg7 6. Qb3 Qc8 7.
Nc3 c6 8. O-O O-O 9. Ne1 e5 10.
d5 Nbd7 11. e4 Nc5 12. Qc2 Bh3 13. f3 cxd5 14. cxd5 Bd7 15. Be3 Na4 16. Nxa4 Qxc2 17.
Nxc2 Bxa4 18. Na3 Rfc8 19. Bh3 Rd8 20. Rac1 Ne8 21. b3 Bd7 22. Bxd7 Rxd7 23. Rc2 f5 24. Rfc1 fxe4 25. fxe4 a6 26. Nc4 Rc8 27. Nb6 Rxc2 28. Rxc2 Rc7 29. Rxc7 Nxc7 30. Kf2 Bf6 31. Ke2 Kf7 32. Kd3 Ne8 33. Nc4 Bd8 34. a4 Ke7 35.
Nd2 Kd7 36. Nf3 Bf6 37. g4 Bd8 38. h3 Be7 39. Nd2 Bd8 40. Ke2 Ke7 41. Nc4 Kd7 42. Kf3 Bc7 43. Bf2 Bd8 44. h4 Nf6 45. g5 Ne8 46. Kg4 Ng7 47. Be3 Ne8 48. h5 Ng7 49. hxg6 hxg6 50. Nd2 Ne8 51. Kf3 Ba5 52. Nc4 Bc7 53.
Kg4 Ke7 54. Nd2 Kf7 55. Nf3 Ke7 56. Kg3 Kf7 57. Kf2 Ng7 58. Ke2 Nh5 59. Kd3 Ke7 60. b4 Kf7 61. b5 axb5 62. axb5 Ba5 63. Ng1 Ng3 64. Bf2 Nh5 65. Ne2 Ke7 66. Be3 Kd7 67. Ng1 Ke7 68. Nf3 Kf7 69. Bc1 Ng3 70. Ba3 Bc7 71. b6 Bb8 72. Nd2 Nh5 73. Nc4 Nf4+ 74. Ke3 Nh3 75. Bxd6 1-0

[Event "Early-Titled-Tuesday-Blitz-January-23-2024"]
[Site "Chess.com"]
[Date "2024.01.23"]
[Round "8"]
[White "hsd2016"]
[Black "ATM622"]
[Result "0-1"]
[WhiteElo "2292"]
[BlackElo "2492"]
[TimeControl "180+1"]
[EndTime "9:29:34 PST"]
[Termination "ATM622 won by resignation"]

1. e4 c6 2. d4 d5 3. Nd2 dxe4 4. Nxe4 Bf5 5. Ng3 Bg6 6. h4 h6 7. Nf3 Nd7 8. h5 Bh7 9. Bd3 Bxd3 10. Qxd3 Ngf6 11.
Bd2 e6 12. O-O-O Be7 13. Ne4 Nxe4 14. Qxe4 Nf6 15. Qe2 Qd5 16. c4 Qe4 17. Qxe4 Nxe4 18. Be3 O-O-O 19. Kc2 b6 20. Kd3 f5 21. b3 Bf6 22.
Rhe1 c5 23. Kc2 Rhe8 24. dxc5 Nxc5 25. Rxd8+ Kxd8 26. Bxc5 bxc5 27. Ne5 Kc7 28. g3 Rd8 29. f4 a5 30. Nd3 Kd6 31. Rd1 Bd4 32. Re1 Ke7 33.
Ne5 Rc8 34. Nf3 Bf2 35. Rf1 Bxg3 36. Rg1 Bxf4 37. Rxg7+ Kd6 38. Kd3 Ra8 39. a4 Rb8 40. Kc2 e5 41. Rg6+ Ke7 42. Nh4 Rd8 43. Nxf5+ Kf8 44.
Rg2 Kf7 45. Nh4 Bg5 46. Ng6 Kf6 47. Re2 Re8 48. Rf2+ Kg7 49. Re2 e4 50. Kc3 Bf6+ 51. Kc2 Bd4 52. Nf4 Kf6 53. Rg2 Kf5 54. Nd5 e3 55. Kd3 Rd8 56. Rg3 Ke5 57. Rg2 Rb8 58.
Kc2 Ke4 59. Rg6 Kf3 60. Nc3 Bxc3 61. Kxc3 e2 62. Rf6+ Kg3 63. Re6 Kf2 64. Rf6+ Ke1 65. Re6 Rd8 66. Rxh6 Kd1 67. Re6 e1=Q+ 68. Rxe1+ Kxe1 69. b4 axb4+ 70. Kb3 Rh8 71. a5 Rxh5 72. Ka4 Rh6 73.
Kb5 b3 74. Kxc5 b2 0-1

[Event "Early-Titled-Tuesday-Blitz-January-23-2024"]
[Site "Chess.com"]
[Date "2024.01.23"]
[Round "8"]
[White "AlexTruskavetsky"]
[Black "FM_VS99"]
[Result "0-1"]
[WhiteElo "2697"]
[BlackElo "2557"]
[TimeControl "180+1"]
[EndTime "9:29:36 PST"]
[Termination "FM_VS99 won by resignation"]

1. d4 Nf6 2. c4 c5 3. d5 b5 4.
Nd2 d6 5. e4 g6 6. cxb5 Bg7 7.
Ngf3 O-O 8. a4 a6 9. Be2 Bd7 10. Ra3 axb5 11. axb5 Rxa3 12. bxa3 Qa5 13. O-O Bxb5 14.
Bb2 Nbd7 15. Bxb5 Qxb5 16. Qc2 Rb8 17. Rb1 Qe2 18. Re1 Qb5 19. Rb1 Qe2 20. Bc3 Rxb1+ 21. Qxb1 Ng4 22. Bxg7 Qxf2+ 23. Kh1 Kxg7 24. h3 Ne3 25.
Qg1 Qe2 26. a4 c4 27. a5 c3 28. Nb3 c2 29. a6 Nf1 30. a7 Ng3+ 31. Kh2 Nf1+ 32.
Qxf1 Qxf1 33. a8=Q c1=Q 34. Nxc1 Qxc1 35. Qa4 Qf4+ 36.
Kg1 Nf6 37. h4 Qxe4 38. Qa7 Nxd5 39. Qa1+ Nf6 40. Qd1 h5 41. Qa1 d5 42. Qa7 Ng4 43. Qa1+ e5 44. Qa7 d4 45. Qa1 Qe3+ 46. Kh1 Qf4 47. Qb2 Ne3 48. Qe2 Qg3 49. Qd3 Ng4 50.
Qe2 Nf2+ 51. Kg1 Ng4 52. Ne1 Qxh4 53. Nf3 Qg3 54. Qe4 Qf4 55. Qe2 Qe3+ 56. Kf1 Qxe2+ 57.
Kxe2 f5 58. Kd3 Kf6 59. Nd2 Ke6 60. Nc4 Ne3 61. Nxe3 dxe3 62. Kxe3 g5 63. g3 Kd5 64. g4 hxg4 0-1

[Event "Early-Titled-Tuesday-Blitz-January-23-2024"]
[Site "Chess.com"]
[Date "2024.01.23"]
[Round "8"]
[White "Me_ch_an"]
[Black "Egorov_Pavel"]
[Result "0-1"]
[WhiteElo "2307"]
[BlackElo "2488"]
[TimeControl "180+1"]
[EndTime "9:29:36 PST"]
[Termination "Egorov_Pavel won by resignation"]

1. e4 c5 2. Nc3 Nc6 3. g3 h5 4. h3 Nf6 5. Bg2 d5 6. exd5 Nd4 7. d3 h4 8. g4 g6 9. Be3 Bg7 10. Qd2 O-O 11. Bg5 b5 12. Bxh4 b4 13. Nce2 Nxd5 14. Nxd4 Bxd4 15. Ne2 Bxb2 16. O-O Bb7 17. Rab1 Be5 18.
f4 Bg7 19. f5 Qc7 20. Bg3 Be5 21. Bxe5 Qxe5 22. Be4 Nc3 23. Nxc3 bxc3 24. Qg2 Bxe4 25. dxe4 Rad8 26. Rbe1 Rd2 27. Rf2 Rfd8 28. fxg6 fxg6 29.
Ref1 Rxf2 30. Qxf2 Qd4 31. Kg2 Qxe4+ 32. Kg3 Qe5+ 33.
Kh4 Qh8+ 34. Kg3 Qe5+ 35. Kh4 Qf6+ 36. Qxf6 exf6 37. Rxf6 Rd2 38. Rxg6+ Kf7 39. Rc6 Rxc2 40. Rxc5 Rc1 41. a4 c2 42. a5 Ke6 43. Kg5 Kd6 44. Rc3 Kd5 45. h4 Kd4 46. Rc8 Kd3 47. h5 Ra1 48. Rxc2 Rxa5+ 49. Kg6 Kxc2 50. h6 Ra1 51. g5 a5 52. h7 Rh1 53. Kg7 a4 54. h8=Q Rxh8 55. Kxh8 a3 56. g6 a2 57. g7 a1=Q 58. Kh7 Qh1+ 59. Kg6 Qg2+ 60. Kf7 Qf3+ 61. Ke7 Qe4+ 62. Kf7 Qf5+ 63. Ke7 Qg6 64. Kf8 Qf6+ 65.
Kg8 Kd3 66. Kh7 Qh4+ 67. Kg6 Qg4+ 68. Kf7 Qf5+ 69. Ke7 Qg6 70. Kf8 Qf6+ 71. Kg8 Ke4 72. Kh7 Qh4+ 73. Kg6 Qg4+ 74. Kf7 Qf5+ 75. Ke7 Qg6 76.
Kf8 Qf6+ 77. Kg8 Kf5 78. Kh7 Qg6+ 79. Kh8 Qh6+ 80. Kg8 Kf6 0-1

[Event "Early-Titled-Tuesday-Blitz-January-23-2024"]
[Site "Chess.com"]
[Date "2024.01.23"]
[Round "8"]
[White "medalja"]
[Black "guillembaches"]
[Result "0-1"]
[WhiteElo "2369"]
[BlackElo "2521"]
[TimeControl "180+1"]
[EndTime "9:29:41 PST"]
[Termination "guillembaches won by resignation"]

1. c4 e6 2. Nc3 d5 3. d4 a6 4.
cxd5 exd5 5. Nf3 Nf6 6. Bg5 Be6 7. e3 Nbd7 8. Bd3 Bd6 9. O-O c6 10. Qc2 Qc7 11. h3 h6 12. Bxf6 Nxf6 13. a3 a5 14. Rac1 Qe7 15. Rfe1 O-O 16. Nh4 Rfe8 17.
Nf5 Bxf5 18. Bxf5 g6 19. Bd3 Kg7 20. Na4 Ne4 21. Bxe4 Qxe4 22. Qxe4 Rxe4 23. Nc5 Re7 24. Re2 f5 25. Rec2 f4 26. exf4 Bxf4 27. Rd1 Rae8 28.
Kf1 g5 29. Nd3 Bd6 30. Nc5 h5 31. b4 axb4 32. axb4 g4 33. hxg4 hxg4 34. g3 Kf6 35. Kg2 Rh8 36. Rh1 Rxh1 37. Kxh1 Bxc5 38. Rxc5 Re1+ 39.
Kg2 Rb1 40. Rc2 Rxb4 41. Rd2 Kf5 42. f3 gxf3+ 43. Kxf3 Rb3+ 44. Kf2 Kg4 45. Ra2 Rf3+ 46. Ke2 Rxg3 47. Ra8 Kf4 48. Re8 Rb3 49. Kd2 Kf5 50. Re1 Kf6 51. Re8 Kf7 52. Re1 Kf8 53. Re6 Rh3 54.
Re5 Rh7 55. Re6 Re7 56. Rf6+ Ke8 57. Kc3 Kd7 58. Kd3 Kc7 59. Rh6 Kb6 60. Rh1 Rg7 61.
Rb1+ Kc7 62. Rh1 b6 63. Rh6 c5 64. dxc5 bxc5 65. Ra6 Rd7 66. Kc3 Rd6 67. Ra7+ Kc6 68. Ra6+ Kd7 69. Ra5 Rc6 70. Ra8 Rb6 71. Ra7+ Kc6 72.
Ra8 Kb5 73. Ra1 d4+ 74. Kd3 Re6 75. Rb1+ Kc6 76. Kc4 Re3 77. Rc1 Kd6 78. Rc2 Ra3 79. Rc1 Ra4+ 80. Kd3 Kd5 81. Rh1 Ra3+ 82. Kc2 Kc4 83. Rh8 Ra2+ 84. Kb1 Rg2 85. Rd8 d3 86. Kc1 Kc3 87. Kb1 Rg1+ 88. Ka2 d2 0-1